 Dungeon Crawl Stone Soup version 0.19.4-9-g45fd643 (webtiles) character file.

91 nikopol the Skirmisher (level 4, -5/60 HPs)
             Began as a Minotaur Berserker on Feb 20, 2017.
             Was a Believer of Trog.
             Slain by a gnoll
             ... wielding a +0 halberd
              (7 damage)
             ... on level 2 of the Dungeon.
             The game lasted 00:02:36 (934 turns).

nikopol the Skirmisher (Minotaur Berserker)          Turns: 934, Time: 00:02:37

Health: -5/60      AC:  6    Str: 26    XL:     4   Next: 34%
Magic:  3/3        EV: 11    Int:  4    God:    Trog [**....]
Gold:   95         SH:  0    Dex: 11    Spells: 0 memorised, 3 levels left

rFire  . . .     SeeInvis .     a - +0 hand axe
rCold  . . .     Gourm    .     g - +0 scale mail
rNeg   . . .     Faith    .     (no shield)
rPois  .         Spirit   .     (helmet restricted)
rElec  .         Reflect  .     (no cloak)
rCorr  .         Harm     .     (no gloves)
MR     .....                    (no boots)
Stlth  ..........               (no amulet)
                                (no ring)
                                (no ring)

@: berserking (expiring), very quick
A: retaliatory headbutt, horns 2
a: Berserk, Trog's Hand, Burn Spellbooks, Renounce Religion


You were on level 2 of the Dungeon.
You worshipped Trog.
Trog was pleased with you.
You were very hungry.

You visited 1 branch of the dungeon, and saw 2 of its levels.

You collected 95 gold pieces.

Inventory:

Hand Weapons
 a - a +0 hand axe (weapon)
Missiles
 f - 68 arrows
Armour
 b - a +0 animal skin
 g - a +0 scale mail (worn)
Scrolls
 h - a scroll of blinking {unknown}
 i - a scroll of enchant armour {unknown}
 j - 3 scrolls of remove curse {unknown}
 m - a scroll of amnesia {unknown}
 n - 2 scrolls of identify {unknown}
 o - a scroll of teleportation {unknown}
 r - a scroll of fear {unknown}
Potions
 d - a potion of curing {unknown}
 e - a potion of flight {unknown}
 l - a potion of haste {unknown}
 q - a potion of invisibility {unknown}
Comestibles
 c - 2 bread rations
 k - 4 chunks of flesh
 p - a fruit


   Skills:
 + Level 4.2 Fighting
 + Level 4.2 Axes
 + Level 3.6 Armour
 + Level 3.4 Dodging


You had 3 spell levels left.
You didn't know any spells.

Dungeon Overview and Level Annotations

Branches:
Dungeon (2/15)

Altars:
Trog


Innate Abilities, Weirdness & Mutations

You reflexively headbutt those who attack you in melee.
You have a pair of horns on your head.


Message History

You feel yourself moving faster!
You feel mighty!
You are feeling very hungry.
The gnoll hits you with a spear!
* * * LOW HITPOINT WARNING * * *
You closely miss the gnoll.
The gnoll is heavily wounded.
The gnoll hits you from afar with a halberd.
* * * LOW HITPOINT WARNING * * *
The gnoll misses you. You furiously retaliate!
You headbutt the gnoll, but do no damage.
You barely miss the gnoll.
The gnoll is heavily wounded.
The gnoll misses you. The gnoll barely misses you.
You closely miss the gnoll. Your headbutt misses the gnoll.
The gnoll is heavily wounded.
The gnoll barely misses you.
You closely miss the gnoll. Your headbutt misses the gnoll.
The gnoll is heavily wounded.
The gnoll hits you from afar with a halberd!
You die...

.. .# .)%.
.# #.. .#
#.. .# #..
S# #.# g#
#.###.####g#
#........@)#
#####.######
#.# #.# #.#
#.# #.# #.#
#.#


You could see 2 gnolls and an adder.

Vanquished Creatures
  Ijyb (D:2)
  An adder (D:2)
  2 gnolls (D:2)
  2 worms (D:2)
  A dart slug (D:2)
  A leopard gecko (D:1)
  8 bats
  A giant cockroach (D:2)
  5 goblins
  A hobgoblin (D:1)
  2 jackals
  3 frilled lizards
  2 kobolds (D:1)
  3 rats (D:2)
33 creatures vanquished.

Notes
Turn   | Place    | Note
-------+----------+-------------------------------------------
     0 | D:1      | nikopol the Minotaur Berserker began the quest for the Orb.
     0 | D:1      | Reached XP level 1. HP: 19/19 MP: 0/0
   218 | D:1      | Reached XP level 2. HP: 27/27 MP: 1/1
   501 | D:2      | Noticed Ijyb
   505 | D:2      | Killed Ijyb
   505 | D:2      | Reached XP level 3. HP: 33/33 MP: 2/2
   609 | D:2      | Reached ** piety under Trog
   722 | D:2      | Noticed a moth of wrath
   726 | D:2      | Found a bloodstained altar of Trog.
   865 | D:2      | Reached XP level 4. HP: 36/40 MP: 3/3
   931 | D:2      | HP: 1/60 [gnoll/halberd (6)]
   934 | D:2      | Slain by a gnoll

Skill      XL: |  1  2  3 |
---------------+----------+-----
Fighting       | 4 |  4.2
Armour         | 3 |  3.6
Dodging        | 3 |  3.4
Axes           | 4 |  4.2

Action                   |  1- 3 |  4- 6 || total
-------------------------+-------+-------++-------
Melee: Hand axe          |    68 |    13 ||    81
       Headbutt          |     9 |     2 ||    11
Invok: Berserk           |       |     1 ||     1
Armor: Scale mail        |    20 |     3 ||    23
       Animal skin       |     1 |       ||     1
Dodge: Dodged            |    44 |    11 ||    55
